 Dungeon Crawl Stone Soup version 0.19-a0-1686-g35356ef (webtiles) character file.

179 Promi the Magician (level 5, -1/41 HPs)
             Began as a Demigod Wizard on Sept 25, 2016.
             Slain by a bullfrog skeleton (6 damage)
             ... on level 5 of the Dungeon.
             The game lasted 00:11:52 (3650 turns).

Promi the Magician (Demigod Wizard)                 Turns: 3650, Time: 00:11:52

Health: -1/41      AC:  6    Str: 10    XL:     5   Next: 10%
Magic:  12/12      EV: 12    Int: 24    God:
Gold:   162        SH:  0    Dex: 14    Spells: 5 memorised, 1 level left

rFire  . . .     SeeInvis .     e - +0 short sword
rCold  . . .     Gourm    .     l - +1 leather armour
rNeg   . . .     Faith    .     (no shield)
rPois  .         Spirit   .     i - +0 helmet
rElec  .         Dismiss  .     (no cloak)
rCorr  .         Reflect  +     (no gloves)
MR     .....     Harm     .     (no boots)
Stlth  +.........               n - +2 amulet of reflection
                                (no ring)
                                (no ring)

@: confused
A: high mp 1
a: no special abilities


You were on level 5 of the Dungeon.
You were not hungry.

You visited 1 branch of the dungeon, and saw 5 of its levels.

You collected 162 gold pieces.

Inventory:

Hand Weapons
 e - a +0 short sword (weapon)
 o - a -2 falchion
Armour
 a - a +0 robe
 i - a +0 helmet (worn)
 l - a +1 leather armour (worn)
Jewellery
 n - a +2 amulet of reflection (around neck)
Scrolls
 f - a scroll of remove curse
 k - 3 scrolls of magic mapping
 m - 3 scrolls of identify
 s - a scroll of teleportation
Books
 c - a book of Minor Magic

   Spells                             Type                      Level
   a - Magic Dart                     Conjuration                  1
   b - Blink                          Translocation                2
   c - Call Imp                       Summoning                    2
   d - Repel Missiles                 Charms/Air                   2
   e - Slow                           Hexes                        2
   f - Conjure Flame                  Conjuration/Fire             3
   g - Mephitic Cloud                 Conjuration/Poison/Air       3
Comestibles
 b - a royal jelly
 d - 4 bread rations
 g - a slice of pizza
 h - 2 beef jerkies
 j - 4 fruits
 p - a meat ration
 r - a chunk of flesh


   Skills:
 + Level 1.6 Fighting
 + Level 1.4 Armour
 + Level 2.6 Dodging
 - Level 2.3 Stealth
 + Level 3.1 Spellcasting
 + Level 2.4 Conjurations
 - Level 0.8 Summonings
 - Level 0.8 Translocations


You had one spell level left.
You knew the following spells:

 Your Spells              Type           Power        Failure   Level  Hunger
a - Magic Dart            Conj           ###.         6%          1    None
b - Blink                 Tloc           N/A          17%         2    ##.....
c - Call Imp              Summ           #.......     17%         2    ##.....
d - Repel Missiles        Chrm/Air       #.....       24%         2    ##.....
e - Slow                  Hex            #.......     24%         2    ##.....


Dungeon Overview and Level Annotations

Branches:
Dungeon (5/15)             Temple (0/1) D:4

Annotations:
D:3 Sigmund


Innate Abilities, Weirdness & Mutations

You have an increased reservoir of magic. (+10% MP)


Message History

The bullfrog skeleton closely misses you.
You hit the bullfrog skeleton but do no damage.
The bullfrog skeleton is severely damaged.
The bullfrog skeleton hits you.
* * * LOW HITPOINT WARNING * * *
Casting: Magic Dart
Confirm with . or Enter, or press ? or * to list all spells.
Aiming: Magic Dart
Press: ? - help, Shift-Dir - straight line, f - bullfrog skeleton
Aim: a bullfrog skeleton (severely damaged)
The magic dart hits the bullfrog skeleton.
The bullfrog skeleton is severely damaged.
The bullfrog skeleton hits you.
* * * LOW HITPOINT WARNING * * *
The bullfrog skeleton hits you.
* * * LOW HITPOINT WARNING * * *
It was a potion of ambrosia.
You are confused.
You feel invigorated. The bullfrog skeleton hits you.
You die...

# ## # #. #.#. ..# #.#
# #.#. #.###.# .# ...
##...#.###.#
#.##..........#
.####.@Z.#..#....#####
#........###.##........
#######...#....<.......
##...............
######......%###
###...### #...# #####


You could see a bullfrog skeleton.

Vanquished Creatures
  A centaur skeleton (D:4)
  An iguana (D:4)
  A worker ant (D:5)
  2 adders (D:2)
  2 oozes
  3 worms (D:2)
  2 dart slugs
  2 leopard geckos
  4 orcs
  A ball python (D:2)
  3 bats
  2 giant cockroaches (D:2)
  8 goblins
  4 hobgoblins
  7 jackals
  A quokka (D:2)
  6 frilled lizards
  4 kobolds
  3 rats
57 creatures vanquished.

Notes
Turn   | Place    | Note
-------+----------+-------------------------------------------
     0 | D:1      | Promi the Demigod Wizard began the quest for the Orb.
     0 | D:1      | Reached XP level 1. HP: 14/14 MP: 6/6
    43 | D:1      | Reached skill level 1 in Conjurations
   457 | D:1      | Reached XP level 2. HP: 22/22 MP: 5/8
   461 | D:1      | Learned a level 2 spell: Blink
   464 | D:1      | Learned a level 2 spell: Call Imp
   828 | D:2      | Found a shadowy altar of Dithmenos.
  1052 | D:2      | Reached XP level 3. HP: 23/27 MP: 9/9
  1389 | D:2      | Reached skill level 1 in Fighting
  1677 | D:2      | Found an opulent altar of Gozag.
  2073 | D:2      | Reached skill level 3 in Spellcasting
  2073 | D:2      | Reached XP level 4. HP: 27/35 MP: 11/11
  2387 | D:2      | Learned a level 2 spell: Repel Missiles
  2390 | D:2      | Learned a level 2 spell: Slow
  2464 | D:3      | Noticed Sigmund
  2467 | D:3      | Found a hide-covered altar of Uskayaw.
  2531 | D:4      | Found a snail-covered altar of Cheibriados.
  2532 | D:4      | Found a blossoming altar of Fedhas.
  2597 | D:4      | Reached skill level 1 in Armour
  3459 | D:4      | Found a staircase to the Ecumenical Temple.
  3538 | D:5      | Entered Level 5 of the Dungeon
  3557 | D:5      | Reached XP level 5. HP: 17/41 MP: 12/12
  3649 | D:5      | HP: 1/41 [bullfrog skeleton (2)]
  3650 | D:5      | Slain by a bullfrog skeleton

Vault maps used:
D:1:      minmay_arrival_stair_chambers, lemuel_another_geyser
D:2:      overflow_temple_1_default, grunt_dithmenos_smoke, grunt_ministairs_9
D:3:      lemuel_zombie_altar_yredelemnul, lemuel_coloured_pillars_altar,
          old_standard_altar, first_bread, tgw_trog, uniq_crazy_yiuf_cottage,
          uniq_natasha, uniq_sigmund
D:4:      gammafunk_temple_overflow_statue
D:5:      zin_angel, vehumet_statue, gup_sewer_entry_glass

Skill      XL: |  1  2  3  4 |
---------------+-------------+-----
Conjurations   | 1 2 |  2.4
Dodging        | 2 |  2.6
Stealth        | 2 |  2.3
Fighting       | 1 |  1.6
Spellcasting   | 3 |  3.1
Armour         | 1 |  1.4
Summonings     | |  0.8
Translocations | |  0.8

Action                   |  1- 3 |  4- 6 || total
-------------------------+-------+-------++-------
Melee: Unarmed           |    10 |       ||    10
       Short sword       |   104 |    79 ||   183
 Cast: Magic Dart        |    47 |     4 ||    51
       Blink             |     2 |       ||     2
  Use: Scroll            |     5 |     2 ||     7
       Potion            |       |     6 ||     6
 Stab: Sleeping          |     3 |     2 ||     5
  Eat: Chunk             |     4 |     5 ||     9
Armor: Robe              |     3 |       ||     3
       Leather armour    |    20 |    22 ||    42
Dodge: Dodged            |    75 |    50 ||   125
Block: Other             |     2 |     5 ||     7
